 Dungeon Crawl Stone Soup version 0.29-a0-668-g12ee2bf84d (webtiles) character file.

Game seed: 3799140218463847540

1139 hquester1 the Skirmisher (level 8, -2/70 HPs)
             Began as a Minotaur Fighter on June 23, 2022.
             Was a Believer of Okawaru.
             Succumbed to Duvessa's poison
             ... on level 6 of the Dungeon.
             The game lasted 00:10:29 (5326 turns).

hquester1 the Skirmisher (Minotaur Fighter)         Turns: 5326, Time: 00:10:30

Health: -2/70      AC:  8    Str: 27    XL:     8   Next: 14%
Magic:  7/7        EV: 11    Int:  5    God:    Okawaru [**....]
Gold:   307        SH:  5    Dex: 12    Spells: 7/7 levels left

rFire   . . .      SeeInvis .   x - +4 flail
rCold   . . .      Faith    .   c - +0 buckler
rNeg    . . .      Spirit   .   b - +0 scale mail
rPois   .          Reflect  .   (helmet restricted)
rElec   .          Harm     .   (no cloak)
rCorr   .          Rampage  .   (no gloves)
Will    .....                   C - +0 pair of boots
Stlth   ..........              (no amulet)
HPRegen 0.21/turn               o - +6 ring of strength
MPRegen 0.10/turn               (no ring)

@: lethally poisoned (-2 -> -30)
A: horns 2, retaliatory headbutt
a: Renounce Religion, Heroism


You were on level 6 of the Dungeon.
You worshipped Okawaru.
Okawaru was pleased with you.
You visited 2 branches of the dungeon, and saw 7 of its levels.

You collected 307 gold pieces.

Inventory:

Hand Weapons
 s - a +4 hand axe of freezing
 x - a +4 flail (weapon)
Missiles
 A - a throwing net (quivered)
Armour
 b - a +0 scale mail (worn)
 c - a +0 buckler (worn)
 C - a +0 pair of boots (worn)
Jewellery
 o - a +6 ring of strength (left hand)
Wands
 n - a wand of iceblast (5)
 q - a wand of acid (8)
 B - a wand of paralysis (11)
Scrolls
 a - a scroll of silence {unknown}
 f - a scroll of acquirement {unknown}
 h - 3 scrolls of noise {unknown}
 i - a scroll of blinking {unknown}
 r - 5 scrolls of enchant armour {unknown}
 t - 2 scrolls of fear {unknown}
 v - 2 scrolls of teleportation {unknown}
 w - 2 scrolls of immolation {unknown}
 y - a scroll of poison {unknown}
Potions
 d - 3 potions of might
 e - 2 potions of ambrosia
 j - a potion of heal wounds
 k - a potion of lignification {unknown}
 l - a potion of haste {unknown}
 m - a potion of invisibility {unknown}
 p - 3 potions of attraction
 u - a potion of curing {unknown}
 z - a potion of cancellation


   Skills:
 + Level 6.1 Fighting
 + Level 4.1(5.3) Axes
 + Level 5.2(5.9) Maces & Flails
 + Level 6.0 Armour
 + Level 4.0 Dodging
 + Level 6.0 Shields


You had 7 spell levels left.
You didn't know any spells.
Your spell library contained the following spells:

 Spells                   Type           Power      Damage    Failure   Level
 Apportation              Tloc           0%         N/A       82%         1
 Necrotize                Necr           0%         1d4       82%         1
 Stone Arrow              Conj/Erth      0%         3d7       99%         3
 Lehudib's Crystal Spear  Conj/Erth      0%         10d2      100%        8
 Summon Small Mammal      Summ           Unusable   N/A       N/A         1
 Animate Armour           Summ/Erth      Unusable   N/A       N/A         4

Dungeon Overview and Level Annotations

Branches:
Dungeon (6/15)             Temple (1/1) D:4

Altars:
Ashenzari
Cheibriados
Dithmenos
Elyvilon
Fedhas
Gozag
Hepliaklqana
Kikubaaqudgha
Nemelex Xobeh
Okawaru
Qazlal
Ru
Sif Muna
Trog
Uskayaw
Vehumet
Wu Jian
Yredelemnul
Zin
The Shining One

Annotations:
D:2 Natasha
D:6 Dowan, Duvessa


Innate Abilities, Weirdness & Mutations

You have a pair of horns on your head.
You reflexively headbutt those who attack you in melee.


Message History

Duvessa hits you with a +3 short sword of venom!
Duvessa barely misses you.
You hit Duvessa.
Duvessa is heavily wounded.
You feel sick.
Duvessa hits you with a +3 short sword of venom.
You are more poisoned.
Duvessa drinks a potion.
Duvessa is healed!
You hit Duvessa.
Duvessa is lightly wounded.
You feel very sick.
Duvessa hits you with a +3 short sword of venom.
You are more poisoned.
Duvessa hits you with a +3 short sword of venom.
You are lethally poisoned!
You are confused.
You feel invigorated.
* * * LOW HITPOINT WARNING * * *
You feel very sick.
Duvessa hits you with a +3 short sword of venom.
* * * LOW HITPOINT WARNING * * *
You are more poisoned.
You feel much better.
You feel extremely sick.
Duvessa hits you with a +3 short sword of venom!
You are more poisoned.
Duvessa hits you with a +3 short sword of venom!
* * * LOW HITPOINT WARNING * * *
You feel less invigorated.
You feel less confused.
* * * LOW HITPOINT WARNING * * *
You feel extremely sick.
You hit Duvessa but do no damage.
Duvessa is lightly wounded.
* * * LOW HITPOINT WARNING * * *
You feel extremely sick. Duvessa barely misses you.
You closely miss Duvessa.
Duvessa is lightly wounded.
You die...

#.......#....##########
###..e##.#.##.#.........
#.....'..#..#.#.........
#.#...#..#..#.#.........
#...#..#.##.#)........
#####.......#.........
#e##.####..#######
#.##.# #..#
#####@e..####..#####
................>....#
..........#####......#
#########.## #......#
######..## #..#####
#.........# #.....#
#.........# #.....#
#.........###.....#
#..........###....#


You could see Duvessa (fast) and Dowan.

Vanquished Creatures
  Prince Ribbit (D:6)
  Menkaure (D:6)
  An ogre (D:5)
  A phantom (D:5)
  A gnoll sergeant (D:5)
  A scorpion (D:5)
  A jelly (D:4)
  3 orc priests (D:5)
  2 iguanas (D:5)
  Natasha (D:2)
  6 orc wizards (D:5)
  5 gnolls (D:5)
  5 adders
  2 ufetubi
  2 worms
  4 dart slugs
  19 orcs
  2 ball pythons (D:4)
  2 bats
  3 endoplasms
  6 giant cockroaches
  5 goblins
  3 hobgoblins
  5 jackals (D:3)
  2 kobolds
  3 quokkas
  2 frilled lizards (D:2)
  5 rats (D:1)
94 creatures vanquished.

Notes
Turn   | Place    | Note
-------+----------+-------------------------------------------
     0 | D:1      | hquester1 the Minotaur Fighter began the quest for the Orb.
     0 | D:1      | Reached XP level 1. HP: 19/19 MP: 0/0
   333 | D:1      | Reached XP level 2. HP: 27/27 MP: 1/1
  1177 | D:2      | Reached XP level 3. HP: 29/33 MP: 2/2
  1222 | D:2      | Noticed Natasha
  1226 | D:2      | Killed Natasha
  1227 | D:2      | Reached skill level 1 in Dodging
  1233 | D:2      | Noticed Natasha
  1267 | D:2      | Reached skill level 1 in Axes
  1308 | D:2      | You fall into a shaft and drop 1 floor!
  1360 | D:3      | Reached XP level 4. HP: 34/40 MP: 3/3
  2652 | D:4      | Found a staircase to the Ecumenical Temple.
  2660 | Temple   | Entered the Ecumenical Temple
  2719 | Temple   | Became a worshipper of Warmaster Okawaru
  3475 | D:4      | Reached XP level 5. HP: 44/47 MP: 4/4
  3526 | D:5      | Entered Level 5 of the Dungeon
  3627 | D:5      | Reached XP level 6. HP: 32/55 MP: 5/5
  3640 | D:5      | Reached * piety under Okawaru
  3641 | D:5      | Reached skill level 5 in Fighting
  4016 | D:5      | Reached skill level 5 in Armour
  4016 | D:5      | Reached skill level 5 in Shields
  4163 | D:5      | Reached XP level 7. HP: 59/61 MP: 6/6
  4195 | D:5      | Found an opulent altar of Gozag.
  4354 | D:5      | Reached ** piety under Okawaru
  4952 | D:6      | Noticed Prince Ribbit
  4977 | D:6      | Killed Prince Ribbit
  4978 | D:6      | Reached skill level 5 in Maces & Flails
  4978 | D:6      | Reached XP level 8. HP: 17/70 MP: 7/7
  5300 | D:6      | Noticed Menkaure
  5300 | D:6      | Noticed Dowan
  5313 | D:6      | Killed Menkaure
  5313 | D:6      | Noticed Duvessa
  5326 | D:6      | Succumbed to Duvessa's poison

Illustrated notes

Levels and vault maps discovered:
D:1:      heliophobic_arrival_dark_side_of_the_moon, layout_loops_corners,
          minivault_26
D:2:      layout_rooms, uniq_natasha, uniq_sigmund
D:3:      layout_basic
D:4:      layout_basic, minmay_temple_entry_wispy
D:5:      layout_loops_ring, grunt_gozag_breadcrumbs
D:6:      layout_basic, grunt_temple_overflow_champion_of_chaos,
          kennysheep_doodads, uniq_duvessa, uniq_eustachio, uniq_menkaure,
          uniq_prince_ribbit1
Temple:   compressed_dpeg_triangle_lava_temple

Skill      XL: |  1  2  3  4  5  6  7  8 |
---------------+-------------------------+-----
Shields        | 4 5 6 |  6.0
Fighting       | 4 5 6 |  6.1
Armour         | 4 5 6 |  6.0
Maces & Flails | 3 4 5 |  5.2
Dodging        | 1 2 3 4 |  4.0
Axes           | 1 2 3 4 |  4.1

Action                   |  1- 3 |  4- 6 |  7- 9 || total
-------------------------+-------+-------+-------++-------
Melee: Flail             |    54 |    93 |    57 ||   204
       Headbutt          |     8 |    22 |     6 ||    36
       Hand axe          |       |    19 |       ||    19
  Use: Scroll            |       |       |     4 ||     4
       Potion            |       |       |     3 ||     3
Armor: Scale mail        |    21 |    30 |     9 ||    60
Dodge: Dodged            |    25 |    33 |    29 ||    87
Block: Buckler           |     6 |    23 |     8 ||    37

Table legend: (Time is in decaauts)
 A = Elapsed time spent in this place.
 B = Non-inter-level travel time spent in this place.
 C = Inter-level travel time spent in this place.
 D = Time resting spent in this place.
 E = Time spent auto-exploring this place.
 F = Levels seen in this place.
 G = Mean time per level.
                   A        B        C        D        E       F      G
               +--------+--------+--------+--------+--------+-----+--------+
         Total |   5377 |   5300 |     77 |    851 |   3622 |   7 |  768.1 |
       Dungeon |   5088 |   5023 |     65 |    851 |   3361 |   6 |  848.0 |
        Temple |    289 |    277 |     12 |      0 |    261 |   1 |  289.0 |
               +--------+--------+--------+--------+--------+-----+--------+

Top non-repeatable levels by time:
     D:5: 1358 daAuts
     D:1: 1095 daAuts
     D:3: 1047 daAuts
     D:4: 896 daAuts
     D:6: 464 daAuts
  Temple: 289 daAuts
     D:2: 225 daAuts
